cohdb
Replays
Latest Replays
All Replays
Popular Replays
Top Player Replays
Match Explorer
How It Works
Community
CoH3 Stats
Reddit
Sign in to upload your games and track your stats! →
Sign in with Steam
Match 34567937
Unlisted
Match 34567937
Overview
Messages
Build Orders
End
Construct Infanterie Kompanie
Selects Mechanized Battlegroup
MG 42 Machine Gun Team
GrW 34 Mortar Team
MG 42 Machine Gun Team
Construct Panzergrenadier Kompanie
Panzergrenadier Squad
Panzergrenadier Squad
Selects Spotting Scopes
Infanterie Officer Quarters
Panzergrenadier Officer Quarters
Panzergrenadier Squad
251 Medium Carrier
Selects Wespe Self-propelled Artillery
Wespe Self-propelled Artillery
Selects Zeroing Artillery Barrage
Wespe Self-propelled Artillery
Zeroing Artillery Barrage
Wespe Self-propelled Artillery
Selects Raid Package
Selects 8 Rad Armored Car
Selects UNKNOWN (2160084)
Panzergrenadier Squad
[///4]KSK-1337
radiation
jeromefactory32
氷川纱夜
Crenade(Cana)
skarbrand
matrix4x4
six7888
0
0
Comments
sign in to comment!
No comments posted yet!